 Dungeon Crawl Stone Soup version 0.26-a0-649-gf8c6c3aab7 (webtiles) character file.

Game seed: 156349724165852938

3 grandjackal the Grave Robber (level 1, 0/14 HPs)
             Began as a Demonspawn Necromancer on Sept 28, 2020.
             Slain by an ooze (4 damage)
             ... on level 1 of the Dungeon.
             The game lasted 00:00:52 (453 turns).

grandjackal the Grave Robber (DsNe)                  Turns: 453, Time: 00:00:53

Health: 0/14       AC:  2    Str:  8    XL:     1   Next: 41%
Magic:  0/3        EV: 12    Int: 16    God:
Gold:   35         SH:  0    Dex: 13    Spells: 3/4 levels left

rFire    . . .     SeeInvis .   (no weapon)
rCold    . . .     Faith    .   (no shield)
rNeg     . . .     Spirit   .   a - +0 robe
rPois    .         Reflect  .   (no helmet)
rElec    .         Harm     .   (no cloak)
rCorr    .         Rampage  .   (no gloves)
MR       .....                  (no boots)
Stlth    ++........             (no amulet)
HPRegen  0.04/turn              (no ring)
MPRegen  0.08/turn              (no ring)

@: no status effects
A: no striking features
a: no special abilities


You were on level 1 of the Dungeon.
You visited 1 branch of the dungeon, and saw 1 of its levels.

You collected 35 gold pieces.

Inventory:

Armour
 a - a +0 robe (worn)
Scrolls
 c - a scroll of teleportation {unknown}
Potions
 b - a potion of magic {unknown}


   Skills:
 + Level 0.3 Fighting
 - Level 1.7 Dodging
 - Level 1.7 Stealth
 + Level 2.1 Spellcasting
 + Level 4.4 Necromancy


You had 3 spell levels left.
You knew the following spells:

 Your Spells              Type           Power        Failure   Level
a - Pain                  Necr           ###.         3%          1

Your spell library contained the following spells:

 Spells                   Type           Power        Failure   Level
 Animate Skeleton         Necr           ###...       3%          1
 Vampiric Draining        Necr           ###.......   10%         3
 Animate Dead             Necr           ###.......   32%         4
 Agony                    Necr           ###.....     67%         5


Dungeon Overview and Level Annotations

Branches:
Dungeon (1/15)

Altars:


Message History

The ooze hits you.
Casting: Pain (safe; 3% risk of failure)
Confirm with . or Enter, or press ? or * to list all spells.
Aiming: Pain (safe; 3% risk of failure)
Press: ? - help, Shift-Dir - straight line, f/p - ooze
Aim: an ooze (severely wounded, chance to defeat MR: 73%)
The ooze struggles to resist.
The ooze barely misses you.
Unknown command.
Casting: Pain (safe; 3% risk of failure)
Confirm with . or Enter, or press ? or * to list all spells.
Aiming: Pain (safe; 3% risk of failure)
Press: ? - help, Shift-Dir - straight line, f/p - ooze
Aim: an ooze (severely wounded, chance to defeat MR: 73%)
The ooze struggles to resist.
The ooze hits you.
* * * LOW HITPOINT WARNING * * *
Unknown command.
Unknown command.
There is an open door here.
The ooze hits you.
You die...

..#...#.# #.###'######
.....##.####.##.......#
#..........#.##[...#..######
............................
#....##.#..###..............
#....##>#....#.#####.#######
#....##....#.#.#.....########
.............................
.....#.........#@##########.#
...#'####.#>...#J#
####....####...#r#
#.......####.#'#######
#..#......##..........
######...<...#.........
#..#####.....#.........
##....#####>#.#.........
........#####.#.........


You could see an ooze and a rat.

Vanquished Creatures
  A dart slug (D:1)
  A ball python (D:1)
2 creatures vanquished.

Notes
Turn   | Place    | Note
-------+----------+-------------------------------------------
     0 | D:1      | grandjackal the Demonspawn Necromancer began the quest for
                  | the Orb.
     0 | D:1      | Reached XP level 1. HP: 13/13 MP: 3/3
   453 | D:1      | Slain by an ooze

Illustrated notes

Levels and vault maps discovered:
D:1:      dpeg_arrival_long_road, layout_basic

Action                   || total
-------------------------++-------
Melee: Unarmed           ||    10
 Cast: Pain              ||     7
Dodge: Dodged            ||     7

Table legend: (Time is in decaauts)
 A = Elapsed time spent in this place.
 B = Non-inter-level travel time spent in this place.
 C = Inter-level travel time spent in this place.
 D = Time resting spent in this place.
 E = Time spent auto-exploring this place.
 F = Levels seen in this place.
 G = Mean time per level.
                   A        B        C        D        E       F      G
               +--------+--------+--------+--------+--------+-----+--------+
         Total |    453 |    453 |      0 |    323 |     74 |   1 |  453.0 |
       Dungeon |    453 |    453 |      0 |    323 |     74 |   1 |  453.0 |
               +--------+--------+--------+--------+--------+-----+--------+

Top non-repeatable levels by time:
     D:1: 453 daAuts
